 Dungeon Crawl Stone Soup version 0.29.1-13-g9f3cf754e1 (webtiles) character file.

Game seed: 2107880137639179313

52192 tizbic2 the Slicer (level 14, -1/114 HPs)
             Began as a Ghoul Monk on Jan 26, 2023.
             Was the Champion of Hepliaklqana.
             Slain by a stone giant (22 damage)
             ... on level 14 of the Dungeon.
             The game lasted 01:46:57 (20499 turns).

tizbic2 the Slicer (Ghoul Monk)                    Turns: 20499, Time: 01:46:58

Health: -1/114     AC: 14    Str: 19    XL:     14   Next: 63%
Magic:  0/19       EV: 14    Int:  5    God:    Hepliaklqana [******]
Gold:   773        SH:  0    Dex: 15    Spells: 15/21 levels left

rFire   . . .      SeeInvis .   e - +8 long sword (spect)
rCold   + + +      Faith    .   (no shield)
rNeg    + + +      Spirit   +   Y - +0 steam dragon scales
rPois   ∞          Reflect  .   A - +1 helmet
rElec   +          Harm     .   Q - +0 cloak
rCorr   .          Rampage  .   n - +2 pair of gloves
Will    ++++.                   S - +0 pair of boots
Stlth   +++++.....              z - amulet of Cucir {Spirit Fragile rElec rC+ Will++}
HPRegen 0.00/turn               M - ring of flight
MPRegen 0.16/turn               F - ring "Yryl" {rC+ Will+ Str+3}

@: flying, inhibited regen
A: reduced essence, claws 1, cold resistance 1, negative energy resistance 3,
inhibited regeneration, torment resistance 2, devour on kill
a: Renounce Religion, Recall Ancestor, Ancestor Identity, Transference, Idealise


You were on level 14 of the Dungeon.
You worshipped Hepliaklqana.
Hepliaklqana was exalted by your worship.
You visited 3 branches of the dungeon, and saw 19 of its levels.

You collected 2299 gold pieces.
You spent 1526 gold pieces at shops.

Inventory:

Hand Weapons
 b - a +6 battleaxe of electrocution
 d - a +2 vampiric trident
 e - a +8 spectral long sword (weapon)
 w - a +2 dagger of venom
 P - a +0 war axe of freezing
Missiles
 a - 6 curare-tipped darts
 j - 19 poisoned darts (quivered)
 J - 2 datura-tipped darts
 V - a throwing net
Armour
 n - a +2 pair of gloves (worn)
 A - a +1 helmet (worn)
 I - a +1 robe of willpower
 O - a +2 robe of the Archmagi
 Q - a +0 cloak (worn)
 S - a +0 pair of boots (worn)
 U - a +4 ring mail
 Y - +0 steam dragon scales (worn)
Jewellery
 i - a +4 ring of protection
 m - an amulet of reflection
 o - a +6 ring of intelligence
 z - the amulet of Cucir (around neck) {Spirit Fragile rElec rC+ Will++}
   (You bought it in a shop on level 4 of the Dungeon)

   [amulet of guardian spirit]

   It causes incoming damage to be divided between your reserves of health and
   magic.
   rC:        It protects you from cold.
   rElec:     It insulates you from electricity.
   Fragile:   It will be destroyed if unequipped.
   Will:      It greatly increases your willpower.
 B - a ring of willpower
 F - the ring "Yryl" (right hand) {rC+ Will+ Str+3}
   (You bought it in a shop on level 4 of the Dungeon)

   [ring of willpower]

   Str:       It affects your strength (+3).
   rC:        It protects you from cold.
   Will:      It increases your willpower.
 H - the amulet "Nior" {Acrobat rF+ rCorr Str+3}
   (You found it on level 5 of the Dungeon)

   [amulet of the acrobat]

   It increases your evasion while moving and waiting.
   Str:       It affects your strength (+3).
   rF:        It protects you from fire.
   rCorr:     It protects you from acid and corrosion.
 M - a ring of flight (left hand)
Wands
 c - a wand of flame (6)
 h - a wand of digging (14)
 C - a wand of paralysis (11)
 L - a wand of roots (23)
 T - a wand of polymorph (7)
Scrolls
 g - 2 scrolls of noise
 p - 2 scrolls of immolation {unknown}
 r - 2 scrolls of fear
 t - 9 scrolls of butterflies
 y - 7 scrolls of teleportation
 K - a scroll of amnesia
 N - a scroll of poison {unknown}
 R - a scroll of magic mapping
 Z - 2 scrolls of vulnerability
Potions
 f - 9 potions of flight {unknown}
 k - 4 potions of brilliance
 l - 7 potions of curing
 q - 3 potions of magic
 s - a potion of haste
 u - a potion of heal wounds
 v - 5 potions of attraction {unknown}
 D - a potion of resistance
 E - 2 potions of invisibility
 G - 4 potions of might
 W - 2 potions of ambrosia
Miscellaneous
 x - a box of beasts
 X - a phial of floods


   Skills:
 + Level 12.3 Fighting
 - Level 13.6(14.4) Short Blades
 * Level 7.4(11.5) Long Blades
 + Level 7.1 Armour
 + Level 5.2 Dodging
 - Level 13.0 Stealth
 - Level 4.1 Spellcasting
 - Level 5.5 Ice Magic


You had 15 spell levels left.
You knew the following spells:

 Your Spells              Type           Power      Damage    Failure   Level
a - Ensorcelled Hibernat  Hex/Ice        6%         N/A       17%         2
b - Apportation           Tloc           2%         N/A       34%         1
c - Frozen Ramparts       Ice            12%        1d2       11%         3

Your spell library contained the following spells:

 Spells                   Type           Power      Damage    Failure   Level
 Magic Dart               Conj           4%         1d3       34%         1
 Sandblast                Erth           2%         2d4       34%         1
 Call Imp                 Summ           1%         N/A       47%         2
 Passwall                 Tmut/Erth      0%         N/A       47%         2
 Poisonous Vapours        Pois/Air       2%         N/A       47%         2
 Static Discharge         Conj/Air       1%         3-4/arc   47%         2
 Dazzling Flash           Conj/Hex       2%         N/A       71%         3
 Mephitic Cloud           Conj/Pois/Air  1%         N/A       71%         3
 Stone Arrow              Conj/Erth      2%         3d7       71%         3
 Swiftness                Air            1%         N/A       71%         3
 Summon Ice Beast         Ice/Summ       3%         N/A       75%         4
 Animate Armour           Summ/Erth      2%         N/A       98%         4
 Corpse Rot               Necr/Pois/Air  1%         N/A       98%         4
 Dispel Undead            Necr           1%         3d6       98%         4
 Iskenderun's Mystic Bla  Conj/Tloc      1%         2d3       98%         4
 Sticky Flame             Conj/Fire      1%         2d3       98%         4
 Freezing Cloud           Conj/Ice/Air   1%         6-21      99%         5
 Conjure Ball Lightning   Conj/Air       0%         3x3d6     100%        6
 Starburst                Conj/Fire      0%         6d3       100%        6
 Lehudib's Crystal Spear  Conj/Erth      0%         10d2      100%        8
 Ice Form                 Ice/Tmut       Unusable   N/A       N/A         4

Dungeon Overview and Level Annotations

Branches:
Dungeon (14/15)            Temple (1/1) D:5            Lair (4/5) D:9
 Shoals (0/4) Lair:2        Snake (0/4) Lair:2        Slime (0/5) Lair:4
    Orc (0/2) D:11         Vaults (0/5) D:14

Altars:
Ashenzari
Cheibriados
Dithmenos
Fedhas
Gozag
Hepliaklqana
Kikubaaqudgha
Makhleb
Nemelex Xobeh
Okawaru
Qazlal
Ru
Sif Muna
Trog
Uskayaw
Vehumet
Wu Jian
Xom
Yredelemnul
Jiyva

Shops:
D:4 =   D:11 *

Annotations:
D:14 exclusion: oklob plant


Innate Abilities, Weirdness & Mutations

Your life essence is reduced to manifest your ancestor. (-10% HP)
You are immune to poison.
You have sharp fingernails.
Your flesh is cold resistant. (rC+)
You are immune to negative energy. (rN+++)
You do not regenerate when monsters are visible.
You are immune to unholy pain and torment.
You thrive by killing the living.


Message History

The stone giant is moderately wounded.
Your +8 spectral long sword hits the stone giant!
The killer bee barely misses your +8 spectral long sword.
Unknown command.
You hit the stone giant but do no damage.
The stone giant is heavily wounded.
Your +8 spectral long sword barely misses the stone giant.
The killer bee misses your +8 spectral long sword.
The stone giant hits you!
* * * LOW HITPOINT WARNING * * *
Septima hits the stone giant with a +0 dagger of draining!
Septima hits the stone giant but does no damage.
Septima drains the stone giant.
You hit the stone giant but do no damage.
The stone giant is severely wounded.
Your +8 spectral long sword barely misses the stone giant.
The killer bee barely misses your +8 spectral long sword.
The killer bee stings you but does no damage.
The stone giant hits you!
* * * LOW HITPOINT WARNING * * *
Septima hits the stone giant with a +0 dagger of draining.
The killer bee stings your +8 spectral long sword.
Your spectral weapon shares its damage with you!
* * * LOW HITPOINT WARNING * * *
The killer bee barely misses you.
Septima casts a spell at the stone giant.
The stone giant resists with almost no effort.
You feel much better.
The killer bee stings you but does no damage.
The stone giant hits Septima.
The killer bee stings you but does no damage. x2
Septima hits the stone giant with a +0 dagger of draining.
You hit the stone giant.
The stone giant is almost dead.
Your +8 spectral long sword hits the stone giant.
The killer bee stings you.
* * * LOW HITPOINT WARNING * * *
The killer bee stings you but does no damage.
The stone giant hits you!!
You die...

#####.##...##########.........#..
..............................###
.#############.##............##
.#.....#...)[#.##............#
.'.....#(....#.##..^.[.......#
.'÷)⌠..#..∩..#.......######.##
.÷.....#.....#.......# #.#
.#.....#.))†.#.(Cy...# #.#
.##÷'÷###'''##.R@y...# #.#
.#..÷÷.#R....#.......######.#####
.#.....÷.÷)..#.##'#####....(....#
.#..)..'..⌠..#.##...............#
.#!....')÷...#. #######.........#
#.....#.....#. #.........#
############# #.........#
#.........# #.........#


You could see the friendly Septima the hexer, a stone giant (drained, ally
target), 2 killer bees and a friendly +8 spectral long sword (summoned).

Vanquished Creatures
  2 hydras (Lair:3)
  A vault guard (D:14)
  4 centaur warriors
  A two-headed ogre (D:10)
  A tengu warrior (D:14)
  The ghost of suipiss the Black Sun, a novice DsEE of Kikubaaqudgha (D:10)
  Urug (Lair:4)
  A deep elf pyromancer (D:12)
  A necromancer (D:14)
  An oklob plant (Lair:2)
  3 cyclopes
  2 manticores
  A merfolk siren (Lair:2)
  3 black mambas
  11 cane toads
  A molten gargoyle (Lair:4)
  2 rime drakes
  7 komodo dragons
  A tengu conjurer (D:14)
  2 yaktaurs (D:12)
  3 trolls
  An unseen horror zombie (D:8)
  A polar bear (Lair:1)
  A tarantella (shapeshifter) (D:14)
  9 slime creatures
  12 blink frogs
  A centaur simulacrum (D:14)
  26 yaks
  A wyvern (D:7)
  2 wraiths
  11 humans (D:14)
  4 steam dragons
  A basilisk (Lair:4)
  11 vampire mosquitoes
  5 nagas (Lair:2)
  Edmund (D:4)
  2 acid dragons
  7 water moccasins
  A hornet zombie (D:8)
  4 orc warriors
  A sky beast (D:7)
  2 ogres
  3 black bears
  An ice beast (D:6)
  8 centaurs
  9 wolves
  A phantom (D:4)
  A kobold brigand (D:8)
  7 bullfrogs
  A gnoll sergeant (D:13)
  A scorpion (D:4)
  2 wights
  10 killer bees
  3 howler monkeys
  3 electric eels
  A hexer (Lair:2)
  2 lava snakes (Lair:4)
  A centaur zombie (D:8)
  2 hounds
  5 orc priests
  2 iguanas
  Ijyb (D:4)
  5 orc wizards
  2 killer bee zombies (D:8)
  The ghost of croobank the Sneak, a weakling OpDe (D:3)
  A howler monkey zombie (D:8)
  Robin (D:4)
  8 gnolls
  6 adders
  A shadow imp (D:8)
  A white imp (D:5)
  2 worms
  4 dart slugs
  30 orcs
  7 ball pythons
  A bat (D:1)
  A bat zombie (D:13)
  3 endoplasms
  A giant cockroach (D:3)
  8 goblins (D:4)
  7 hobgoblins
  5 jackals (D:1)
  14 kobolds
  3 quokkas
  3 frilled lizards
  3 rats (D:1)
  3 rat zombies (D:13)
339 creatures vanquished.

Vanquished Creatures (collateral kills)
  A boulder beetle (D:12)
  2 hydras
  A centaur warrior (D:13)
  2 wizards (D:14)
  Pikel (D:5)
  An oklob plant (Lair:2)
  A manticore (D:13)
  4 cyclopes
  A molten gargoyle (Lair:4)
  3 black mambas
  A cane toad (Lair:1)
  A yaktaur (D:12)
  A rime drake (Lair:1)
  A komodo dragon (Lair:4)
  2 trolls
  3 blink frogs
  2 slime creatures (D:14)
  A wraith (D:11)
  2 wyverns
  3 yaks
  A basilisk (D:7)
  9 humans (D:14)
  A vampire mosquito (D:13)
  2 steam dragons (D:7)
  A naga (Lair:2)
  7 water moccasins
  Duvessa (D:6)
  3 orc warriors
  A black bear (D:9)
  3 wolves
  2 centaurs
  A lemure (D:5)
  A phantom (D:7)
  A kobold brigand (D:10)
  4 bullfrogs
  A scorpion (D:6)
  A gnoll sergeant (D:9)
  2 wyvern zombies (D:8)
  5 wights
  Dowan (D:6)
  2 killer bees (D:14)
  A jelly (D:4)
  A lava snake (Lair:4)
  A centaur zombie (D:8)
  A hound (D:6)
  2 orc priests
  Natasha (D:2)
  An orc wizard (D:11)
  An iguana (D:5)
  4 gnolls
  An adder (D:3)
  A white imp (D:6)
  A worm (D:3)
  21 orcs
  An endoplasm (D:4)
  A kobold (D:3)
  A quokka (D:2)
  A frilled lizard (D:2)
  A goblin (D:4)
126 creatures vanquished.

Vanquished Creatures (others)
  10 hexers
  A kobold (D:4)
  42 fungi
  69 plants
  4 withered plants (D:8)
126 creatures vanquished.

Grand Total: 591 creatures vanquished

Notes
Turn   | Place    | Note
-------+----------+-------------------------------------------
     0 | D:1      | tizbic2 the Ghoul Monk began the quest for the Orb.
     0 | D:1      | Reached XP level 1. HP: 19/19 MP: 0/0
   323 | D:1      | Reached XP level 2. HP: 23/26 MP: 1/1
   608 | D:1      | Found a faded altar of an unknown god.
   638 | D:1      | Identified a scroll of acquirement
   639 | D:1      | Acquired an amulet of reflection
   653 | D:1      | Prayed at the altar of an unknown god.
   653 | D:1      | Became a worshipper of Hepliaklqana the Forgotten
   653 | D:1      | Reached * piety under Hepliaklqana
   653 | D:1      | Reached ** piety under Hepliaklqana
   659 | D:1      | Remembered your ancestor Septima as a hexer
   678 | D:1      | Reached XP level 3. HP: 27/27 MP: 2/2
   933 | D:2      | Found an ancient bone altar of Kikubaaqudgha.
   935 | D:2      | Reached *** piety under Hepliaklqana
  1126 | D:2      | Noticed Natasha
  1133 | D:2      | Killed Natasha
  1134 | D:2      | Reached XP level 4. HP: 33/34 MP: 3/3
  1534 | D:3      | Found a snail-covered altar of Cheibriados.
  1749 | D:3      | Found a runed translucent door.
  1751 | D:3      | Noticed croobank's ghost (weakling OpDe)
  1757 | D:3      | Killed croobank's ghost
  1758 | D:3      | Reached XP level 5. HP: 40/40 MP: 4/4
  1898 | D:3      | Acquired 889 gold pieces
  1969 | D:4      | Noticed Robin
  1984 | D:4      | Reached skill level 5 in Stealth
  1992 | D:4      | Killed Robin
  2109 | D:4      | Noticed a phantom
  2112 | D:4      | Noticed Ijyb
  2131 | D:4      | Killed a phantom
  2132 | D:4      | Reached XP level 6. HP: 29/45 MP: 5/5
  2132 | D:4      | Killed Ijyb
  2169 | D:4      | Found Etee's Jewellery Shop.
  2169 | D:4      | Noticed Edmund
  2182 | D:4      | Killed Edmund
  2183 | D:4      | Reached skill level 5 in Short Blades
  2195 | D:4      | Bought the amulet of Cucir {Spirit Fragile rElec rC+
                  | Will++} for 594 gold pieces
  2195 | D:4      | Bought the ring "Yryl" {rC+ Will+ Str+3} for 453 gold
                  | pieces
  2278 | D:4      | Noticed a steam dragon
  2291 | D:4      | Killed a steam dragon
  2292 | D:4      | Reached XP level 7. HP: 38/51 MP: 3/6
  2408 | D:4      | Reached **** piety under Hepliaklqana
  2843 | D:5      | Entered Level 5 of the Dungeon
  2902 | D:5      | Identified the amulet "Nior" {Acrobat rF+ rCorr Str+3}
  2962 | D:5      | Found a shadowy altar of Dithmenos.
  2966 | D:5      | Noticed Pikel
  2982 | D:5      | Reached XP level 8. HP: 20/56 MP: 0/7
  2983 | D:5      | Killed Pikel
  3226 | D:5      | Got the Compendium of Confrontation
  3300 | D:5      | Found a staircase to the Ecumenical Temple.
  3306 | Temple   | Entered the Ecumenical Temple
  3599 | D:6      | Noticed Duvessa
  3600 | D:6      | Noticed Dowan
  3610 | D:6      | Killed Duvessa
  3620 | D:6      | Killed Dowan
  3765 | D:6      | Found a shimmering altar of Xom.
  3854 | D:6      | Reached XP level 9. HP: 42/63 MP: 4/8
  4340 | D:7      | Reached skill level 5 in Fighting
  4543 | D:7      | Found a burning altar of Makhleb.
  4543 | D:7      | Found a hazy altar of Hepliaklqana.
  4844 | D:7      | Reached ***** piety under Hepliaklqana
  4849 | D:7      | Found a bloodstained altar of Trog.
  4867 | D:7      | Found a broken altar of Ashenzari.
  5576 | D:8      | Reached XP level 10. HP: 56/74 MP: 5/9
  5689 | D:8      | Reached skill level 10 in Short Blades
  5725 | D:8      | Found an ancient bone altar of Kikubaaqudgha.
  5731 | D:8      | Found a radiant altar of Vehumet.
  5742 | D:8      | Reached skill level 10 in Stealth
  6411 | D:8      | Found a shimmering blue altar of Sif Muna.
  6418 | D:8      | Got Sif Muna's Guidebook on Translocation
  6619 | D:8      | Learned a level 2 spell: Ensorcelled Hibernation
  7300 | D:9      | Found a staircase to the Lair.
  7769 | D:9      | Reached XP level 11. HP: 77/84 MP: 8/10
  8024 | D:10     | Entered Level 10 of the Dungeon
  8026 | D:10     | Noticed a two-headed ogre
  8036 | D:10     | Killed a two-headed ogre
  8170 | D:10     | Found a runed translucent door.
  8185 | D:10     | Noticed suipiss's ghost (novice DsEE)
  8229 | D:10     | Killed suipiss's ghost
  8372 | D:10     | Found a sparkling altar of Nemelex Xobeh.
  8470 | D:10     | Learned a level 1 spell: Apportation
  9206 | D:11     | Found Heefiodi's Assorted Antiques.
  9214 | D:11     | Bought a scroll labelled XONAOJ DAOQUC for 20 gold pieces
  9214 | D:11     | Bought a scroll labelled PUL WEUTHI EGAV for 20 gold pieces
  9214 | D:11     | Bought a pair of glowing gloves for 150 gold pieces
  9214 | D:11     | Bought a green potion for 18 gold pieces
  9214 | D:11     | Bought 2 green potions for 36 gold pieces
  9214 | D:11     | Bought a potion of curing for 60 gold pieces
  9377 | D:11     | Reached skill level 1 in Ice Magic
  9519 | D:11     | Reached ****** piety under Hepliaklqana
  9527 | D:11     | Noticed a cyclops
  9537 | D:11     | Killed a cyclops
  9538 | D:11     | Reached skill level 1 in Spellcasting
  9790 | D:11     | HP: 1/85 [orc priest/divine providence (13)]
  9931 | D:11     | Noticed a cyclops
  9944 | D:11     | Killed a cyclops
  9989 | D:11     | Found a staircase to the Orcish Mines.
 10696 | D:12     | Noticed a boulder beetle
 10707 | D:12     | Noticed a cyclops
 10712 | D:12     | Killed a boulder beetle
 11050 | D:12     | Killed a cyclops
 11241 | D:12     | Noticed a cyclops
 11591 | Lair:1   | Entered Level 1 of the Lair of Beasts
 11638 | Lair:1   | Reached XP level 12. HP: 34/93 MP: 4/14
 11880 | Lair:1   | Noticed a seven-headed hydra
 11887 | Lair:1   | Killed an eight-headed hydra
 13162 | Lair:2   | Reached skill level 5 in Ice Magic
 13381 | Lair:2   | Found a staircase to the Snake Pit.
 13393 | Lair:2   | Reached skill level 10 in Fighting
 13830 | Lair:2   | Reached XP level 13. HP: 101/101 MP: 18/18
 13836 | Lair:2   | Learned a level 3 spell: Frozen Ramparts
 14042 | Lair:2   | Found a staircase to the Shoals.
 14584 | Lair:3   | Reached skill level 1 in Armour
 14598 | Lair:3   | Reached skill level 1 in Long Blades
 15598 | Lair:4   | Noticed Urug
 16018 | Lair:4   | Found the +8 trishula "Condemnation" {holy, anguish, *Noise
                  | Fly rN+}
 16121 | Lair:4   | Killed Urug
 16122 | Lair:4   | Reached skill level 5 in Armour
 16367 | Lair:4   | Found a viscous altar of Jiyva.
 16367 | Lair:4   | Found a staircase to the Slime Pits.
 16513 | Lair:2   | HP: 5/104 [oklob plant/splash of acid (16)]
 16514 | Lair:2   | HP: 1/104 [oklob plant/splash of acid (23)]
 16966 | D:4      | Bought a ring of flight for 175 gold pieces
 17545 | D:12     | Reached skill level 5 in Long Blades
 17622 | D:12     | Reached XP level 14. HP: 80/111 MP: 12/19
 18864 | D:13     | Found an ancient bone altar of Kikubaaqudgha.
 19478 | D:14     | Noticed an angel
 19701 | D:14     | Found a gate to the Vaults.
 19887 | D:14     | Reached skill level 5 in Dodging
 20488 | D:14     | Noticed a stone giant
 20497 | D:14     | HP: 4/114 [stone giant (6)]
 20499 | D:14     | Slain by a stone giant

Illustrated notes

Levels and vault maps discovered:
D:1:      dpeg_arrival_erosion, layout_rooms, ebering_ecumenical_altar_rust,
          serial_rivers, chequers_serial_rivers_small_b,
          chequers_serial_rivers_small_a, chequers_serial_rivers_small_b,
          chequers_serial_rivers_small_b, chequers_serial_rivers_small_3
D:2:      layout_basic, basic_altar, st_stairs_13, uniq_natasha
D:3:      layout_rooms, kennysheep_slug_shrine, gammafunk_ghost_grave,
          nicolae_concentric_dashed_squares_mild, minmay_three_crescents
D:4:      layout_loops_ring, serial_shops, shop, minmay_quadrilaterals,
          uniq_edmund, uniq_ijyb, uniq_robin
D:5:      layout_basic, mainiacjoe_overflow_cross_hatched,
          minmay_temple_entry_fiery, uniq_pikel
D:6:      layout_cave_pools, mainiacjoe_overflow_surrounded_room, uniq_duvessa
D:7:      layout_gridville, ashenzari_conservatory_becter, elyvilon_altar_3,
          general_overflow_altar, gammafunk_temple_overflow_pools,
          hangedman_decor_lopped, water_maze_lemuel
D:8:      layout_gridville, grunt_temple_overflow_magic_moments, serial_undead,
          serial_undead_f, serial_undead_e, serial_undead_d, serial_undead_b,
          serial_undead_d, serial_undead_c, serial_undead_a, serial_undead_e,
          minivault_22
D:9:      layout_cave_pools, due_lair_maze_entry_diamond, columned_hall_lemuel
D:10:     layout_basic, nemelex_xobeh_ov_fountains_minmay,
          ebering_ghost_reflecting_pool
D:11:     layout_layer_cave, david_orc_5, serial_shops, nicolae_shop_crystal,
          gauntlet_entry_generic
D:12:     layout_small_grid
D:13:     layout_small_grid, lemuel_zombie_altar_kikubaaqudgha
D:14:     regret_index_harrowing_hell_hive, layout_basic,
          grunt_vaults_entry_tiered, zin_angel, special_room [special_room_bee]
Temple:   hellmonk_temple_flake
Lair:1:   layout_long_grid, beast_lair_carwin_4, grunt_megastairs_2
Lair:2:   dpeg_oklob_gauntlet, layout_loops_ring,
          minmay_shoals_entry_lonely_mermaid,
          minmay_snake_entry_guardpost_large, special_room
Lair:3:   layout_loops_ring, beast_lair_carwin_11, serial_bayou_shore_b
Lair:4:   cheibrodos_magma_flow, layout_regular_city, dpeg_slime_entry_enclosed,
          serial_bayou_lagoon_a, serial_bayou_shore_a, uniq_urug

Skill      XL: |  1  2  3  4  5  6  7  8  9 10 11 12 13 14 |
---------------+-------------------------------------------+-----
Stealth        | 3 4 5 6 7 8 9 11 12 13 | 13.0
Short Blades   | 3 4 5 6 8 9 11 12 13 | 13.6
Fighting       | 4 6 7 9 10 11 12 | 12.3
Ice Magic      | 3 5 |  5.5
Spellcasting   | 2 4 |  4.1
Armour         | 6 7 |  7.1
Long Blades    | 5 7 |  7.4
Dodging        | 3 5 |  5.2

Action                   |  1- 3 |  4- 6 |  7- 9 | 10-12 | 13-15 || total
-------------------------+-------+-------+-------+-------+-------++-------
Melee: Short sword       |    15 |       |    12 |     2 |       ||    29
       Dagger            |    73 |    70 |   178 |   359 |   133 ||   813
       Punch             |     3 |     5 |     2 |     9 |     7 ||    26
       Rapier            |       |    47 |       |       |       ||    47
       Club              |       |       |    19 |    20 |       ||    39
       Hand axe          |       |       |     8 |     6 |       ||    14
       Long sword        |       |       |     1 |   185 |   189 ||   375
       War axe           |       |       |       |    24 |     7 ||    31
       Trident           |       |       |       |    20 |    17 ||    37
       Battleaxe         |       |       |       |       |    41 ||    41
Throw: Dart              |       |       |     1 |     9 |    12 ||    22
 Cast: Ensorcelled Hiber |       |       |       |     6 |    11 ||    17
       Apportation       |       |       |       |       |     6 ||     6
Invok: Ancestor Life: He |     1 |       |       |       |       ||     1
       Recall Ancestor   |       |       |     1 |     1 |       ||     2
  Use: Scroll            |     3 |     7 |     4 |    15 |    10 ||    39
       Potion            |       |       |     2 |     3 |    10 ||    15
 Stab: Sleeping          |     5 |     1 |     5 |    10 |    17 ||    38
       Confused          |     3 |     7 |     6 |    29 |    14 ||    59
       Distracted        |       |       |     4 |    12 |     9 ||    25
Armor: Leather armour    |    15 |       |       |       |       ||    15
       Ring mail         |       |    35 |    14 |    54 |       ||   103
       Robe              |       |       |    31 |    16 |       ||    47
       Steam dragon scal |       |       |       |    86 |   247 ||   333
Dodge: Dodged            |    42 |    42 |   106 |   283 |   322 ||   795
Block: Other             |     4 |    17 |       |       |       ||    21
